 Dungeon Crawl Stone Soup version 0.23.2-1-ga50397a6bc (webtiles) character file.

Game seed: 10597081871244935687

116 Foic the Grave Robber (level 4, -13/30 HPs)
             Began as a Mummy Necromancer on May 15, 2019.
             Hit by a tomahawk thrown by an orc warrior (15 damage)
             ... on level 3 of the Dungeon.
             The game lasted 00:14:54 (2716 turns).

Foic the Grave Robber (Mummy Necromancer)           Turns: 2716, Time: 00:14:55

Health: -13/30     AC:  4    Str: 11    XL:     4   Next: 69%
Magic:  5/10       EV: 12    Int: 15    God:
Gold:   123        SH:  0    Dex: 17    Spells: 7/12 levels left

rFire    x . .     SeeInvis .   (no weapon)
rCold    + . .     Gourm    .   (no shield)
rNeg     + + +     Faith    .   b - +1 leather armour
rPois    ∞         Spirit   .   (no helmet)
rElec    .         Reflect  .   (no cloak)
rCorr    .         Harm     .   (no gloves)
MR       .....                  (no boots)
Stlth    ++........             (no amulet)
HPRegen  0.10/turn              h - +5 ring of dexterity
MPRegen  0.12/turn              (no ring)

@: no status effects
A: no food or potions, fire vulnerability, cold resistance 1, negative energy
resistance 3, torment resistance, unbreathing
a: no special abilities


You were on level 3 of the Dungeon.
You were not hungry.

You visited 1 branch of the dungeon, and saw 3 of its levels.

You collected 123 gold pieces.

Inventory:

Armour
 a - a +0 robe
 b - a +1 leather armour (worn)
Jewellery
 h - a +5 ring of dexterity (left hand)


   Skills:
 + Level 0.1 Fighting
 + Level 1.2 Armour
 + Level 1.6 Dodging
 + Level 1.7 Stealth
 * Level 4.6 Spellcasting
 + Level 4.7 Necromancy


You had 7 spell levels left.
You knew the following spells:

 Your Spells              Type           Power        Failure   Level  Hunger
a - Pain                  Necr           ###.         3%          1    N/A
b - Animate Skeleton      Necr           N/A          3%          1    N/A
c - Vampiric Draining     Necr           ###.......   10%         3    N/A

Your spell library contained the following spells:

 Spells                   Type           Power        Failure   Level  Hunger
 Animate Dead             Necr           N/A          30%         4    N/A
 Regeneration             Chrm/Necr      Unusable     N/A         3    N/A

Dungeon Overview and Level Annotations

Branches:
Dungeon (3/15)

Altars:


Innate Abilities, Weirdness & Mutations

You do not eat or drink.
Your flesh is vulnerable to fire.
You are immune to poison.
Your flesh is cold resistant. (rC+)
You are immune to negative energy. (rN+++)
You are immune to unholy pain and torment.
You can survive without breathing.


Message History

You kill the orc!
The orc warrior throws a tomahawk.
The tomahawk hits you.
Casting: Pain (safe; 3% risk of failure)
Confirm with . or Enter, or press ? or * to list all spells.
Aiming: Pain (safe; 3% risk of failure)
Press: ? - help, Shift-Dir - straight line, f - orc warrior
Aim: an orc warrior, wielding a +0 battleaxe and wearing a +0 plate armour (chance to defeat MR: 76%)
The orc warrior barely resists.
The orc warrior throws a tomahawk.
The tomahawk hits you!
Casting: Pain (safe; 3% risk of failure)
Confirm with . or Enter, or press ? or * to list all spells.
Okay, then.
You see here 14 bolts.
The orc warrior throws a tomahawk.
The tomahawk hits you!
Ouch! That really hurt!
* * * LOW HITPOINT WARNING * * *
You see here a tomahawk.
The orc warrior throws a tomahawk.
The tomahawk hits you!
Ouch! That really hurt!
You die...

#####.........#
#.####........####
#.............#
######........#
###...#..##
#...#...##
########.#...#.##
.#
#.......<.#(.##)#
.#
#.((..(@.....##.#
.#
#o#######.#.###.#
.# #)# ##..##.##
.# #)# ##...## .#
#o# #Z### .# #o#
#Z# (#########.#
#Z# ...........#
#.# ##########.#
#.#


You could see an orc warrior.

Vanquished Creatures
  4 gnolls
  2 adders
  An ooze (D:1)
  A worm (D:1)
  A dart slug (D:3)
  2 leopard geckos
  5 orcs (D:3)
  4 bats (D:1)
  A giant cockroach (D:2)
  6 goblins
  4 hobgoblins
  4 jackals
  A kobold (D:3)
  A ball python (D:1)
  A frilled lizard (D:2)
  4 rats
42 creatures vanquished.

Vanquished Creatures (collateral kills)
  A goblin (D:1)
  2 bats (D:1)
  A rat (D:1)
4 creatures vanquished.

Grand Total: 46 creatures vanquished

Notes
Turn   | Place    | Note
-------+----------+-------------------------------------------
     0 | D:1      | Foic the Mummy Necromancer began the quest for the Orb.
     0 | D:1      | Reached XP level 1. HP: 13/13 MP: 4/4
     2 | D:1      | Learned a level 1 spell: Animate Skeleton
   310 | D:1      | Reached XP level 2. HP: 19/19 MP: 3/6
  1202 | D:1      | Reached XP level 3. HP: 24/24 MP: 1/8
  1670 | D:2      | Learned a level 3 spell: Vampiric Draining
  2090 | D:3      | Reached XP level 4. HP: 16/30 MP: 3/10
  2300 | D:3      | Reached skill level 1 in Armour
  2676 | D:3      | Noticed an orc warrior
  2716 | D:3      | Hit by a tomahawk thrown by an orc warrior

Skill      XL: |  1  2  3  4 |
---------------+-------------+-----
Spellcasting   | 3 4 |  4.6
Armour         | 1 |  1.2
Fighting       | |  0.1
Dodging        | |  1.6
Stealth        | |  1.7
Necromancy     | |  4.7

Action                   |  1- 3 |  4- 6 || total
-------------------------+-------+-------++-------
 Cast: Pain              |    67 |    29 ||    96
       Animate Skeleton  |    17 |     2 ||    19
       Vampiric Draining |       |     5 ||     5
  Use: Scroll            |       |     4 ||     4
Armor: Leather armour    |     2 |       ||     2
Dodge: Dodged            |     9 |     7 ||    16
